 Dungeon Crawl Stone Soup version 0.23-a0-370-gf497b7c (webtiles) character file.

43 RoseArtemis the Poker (level 3, -15/28 HPs)
             Began as a Merfolk Gladiator on Oct 24, 2018.
             Demolished by an ogre
             ... wielding a +0 giant club
              (19 damage)
             ... on level 1 of the Dungeon.
             The game lasted 00:03:00 (1035 turns).

RoseArtemis the Poker (Merfolk Gladiator)           Turns: 1035, Time: 00:03:01

Health: -15/28     AC: 10    Str: 15    XL:     3   Next: 58%
Magic:  3/3        EV:  8    Int:  7    God:
Gold:   46         SH:  0    Dex: 15    Spells: 2/2 levels left

rFire    . . .     SeeInvis .   a - +0 trident
rCold    . . .     Gourm    .   (no shield)
rNeg     . . .     Faith    .   r - +0 chain mail
rPois    .         Spirit   .   q - +1 helmet
rElec    .         Reflect  .   (no cloak)
rCorr    .         Harm     .   (no gloves)
MR       .....                  (no boots)
Stlth    ..........             (no amulet)
HPRegen  0.09/turn              (no ring)
MPRegen  0.08/turn              (no ring)

@: no status effects
A: change form in water, swift swim, stealthy swim
a: no special abilities


You were on level 1 of the Dungeon.
You were not hungry.

You visited 1 branch of the dungeon, and saw 2 of its levels.

You collected 46 gold pieces.

Inventory:

Hand Weapons
 a - a +0 trident (weapon)
Missiles
 d - 3 throwing nets (quivered)
Armour
 q - a +1 helmet (worn)
 r - a +0 chain mail (worn)
Jewellery
 i - a +5 amulet of reflection {unknown}
 o - an uncursed amulet of guardian spirit {unknown}
Scrolls
 c - a scroll of blinking {unknown}
 e - 2 scrolls of teleportation {unknown}
 h - a scroll of enchant weapon {unknown}
 j - a scroll of remove curse {unknown}
 l - a scroll of noise {unknown}
Potions
 k - 2 potions of brilliance {unknown}
 m - a potion of magic {unknown}
 n - a potion of haste {unknown}
 p - 2 potions of curing {unknown}
Comestibles
 b - a chunk of flesh
 f - 2 rations


   Skills:
 + Level 2.7 Fighting
 * Level 5.3 Polearms
 - Level 2.0 Throwing
 + Level 4.4 Dodging
 + Level 1.4 Stealth


You had 2 spell levels left.
You didn't know any spells.
Your spell library was empty.

Dungeon Overview and Level Annotations

Branches:
Dungeon (2/15)

Altars:


Message History

You kill the giant cockroach!
The bat hits you but does no damage. x2
You closely miss the bat. The bat hits you but does no damage.
The bat closely misses you.
You barely miss the bat. The bat hits you but does no damage.
You closely miss the ogre. The ogre hits you with a +0 giant club!
Ouch! That really hurt!
* * * LOW HITPOINT WARNING * * *
The bat hits you but does no damage. The bat hits you but does no damage.
The bat closely misses you.
There is a stone staircase leading up here.
The bat hits you but does no damage. The ogre hits you with a +0 giant club.
* * * LOW HITPOINT WARNING * * *
The bat hits you but does no damage.
You climb upwards.
There is a stone staircase leading down here.
The ogre hits you with a +0 giant club!!
Ouch! That really hurt!
You die...

### ####.##################
#...#.##..@...>.(...).#####
#######...####...O..#######.#(...
..........#.#..#....# #......
.#######....#.#.#..## ###.###
.########...#..#...# #..รท.#
.....(.....###...############.#.#
.#########.###...##...##....#.#.#
.# #..#...#..#......#.#.#.# .#
#.##..#....#....#..#...#


You could see an ogre.

Vanquished Creatures
  Terence (D:2)
  A ball python (D:1)
  2 giant cockroaches (D:2)
  3 hobgoblins
  3 bats (D:1)
  3 frilled lizards (D:2)
  A goblin (D:1)
  2 kobolds (D:1)
  4 rats
20 creatures vanquished.

Notes
Turn   | Place    | Note
-------+----------+-------------------------------------------
     0 | D:1      | RoseArtemis the Merfolk Gladiator began the quest for the
                  | Orb.
     0 | D:1      | Reached XP level 1. HP: 16/16 MP: 1/1
   186 | D:1      | Reached XP level 2. HP: 16/23 MP: 2/2
   751 | D:2      | Noticed Terence
   765 | D:2      | Killed Terence
   765 | D:2      | Reached skill level 5 in Polearms
   765 | D:2      | Reached skill level 1 in Stealth
   765 | D:2      | Reached XP level 3. HP: 14/28 MP: 3/3
   993 | D:2      | Noticed an ogre
  1012 | D:2      | HP: 1/28 [ogre/+0 giant club (3)]
  1035 | D:1      | Demolished by an ogre

Vault maps used:
D:1:      psy_arrival_terrarium, hangedman_decor_slide_cut
D:2:      lemuel_crystal_altar, minmay_nonomino_d4, uniq_terence

Skill      XL: |  1  2 |
---------------+-------+-----
Polearms       | 5 |  5.3
Stealth        | 1 |  1.4
Fighting       | |  2.7
Throwing       | |  2.0
Dodging        | |  4.4

Action                   || total
-------------------------++-------
Melee: Trident           ||    83
Armor: Leather armour    ||    16
       Chain mail        ||    18
Dodge: Dodged            ||    47

Table legend:
 A = Non-vault XP
 B = Vault XP
 C = Vault XP percentage of total XP
 D = Non-vault monster count
 E = Vault monster count
 F = Vault count percentage of total count
                 A         B        C        D         E       F
            +---------+---------+-------+---------+---------+-------
      Total |      26 |      36 |  58.1 |      19 |       1 |   5.0
            +---------+---------+-------+---------+---------+-------
        D:1 |      16 |       0 |   0.0 |      12 |       0 |   0.0
        D:2 |      10 |      36 |  78.3 |       7 |       1 |  12.5
            +---------+---------+-------+---------+---------+-------
